 Dungeon Crawl Stone Soup version 0.14.1-26-g5a19342 (webtiles) character file.

119 Kae the Cudgeler (level 4, 0/39 HPs)
             Began as a Minotaur Fighter on July 20, 2014.
             Slain by a gnoll
             ... wielding a +0,+0 spear
              (3 damage)
             ... on Level 2 of the Dungeon.
             The game lasted 00:01:04 (1381 turns).

Kae the Cudgeler (Minotaur Fighter)                 Turns: 1381, Time: 00:01:05

HP   0/39        AC  6     Str 21      XL: 4   Next: 21%
MP   2/2         EV  6     Int  6      God:
Gold 37          SH 18     Dex  9      Spells:  0 memorised,  3 levels left

rFire  . . .     SeeInvis .     a - +0 flail
rCold  . . .     Clarity  .     b - +0 scale mail
rNeg   . . .     Conserve .     c - +0 shield
rPois  .         rCorr    .     (helmet restricted)
rElec  .         rRot     .     (no cloak)
SustAb . .       Spirit   .     (no gloves)
rMut   .         Warding  .     (no boots)
Saprov . . .     Stasis   .     (no amulet)
MR     .....                    (no ring)
                                (no ring)

@: not resistant to hostile enchantments, extremely unstealthy
A: retaliatory headbutt, horns 2
a: no special abilities


You were on level 2 of the Dungeon.
You were not hungry.

You visited 1 branch of the dungeon, and saw 2 of its levels.

You collected 37 gold pieces.

Inventory:

Hand weapons
 a - a +0,+0 flail (weapon)
Armour
 b - a +0 scale mail (worn)
 c - a +0 shield (worn)
Comestibles
 d - 3 bread rations
 l - an apple
 q - 2 rotting chunks of hobgoblin flesh
 r - a meat ration
Scrolls
 f - 2 scrolls of enchant weapon I {unknown}
 h - 2 scrolls of teleportation {unknown}
 i - a scroll of fog {unknown}
 j - 2 scrolls of identify {unknown}
 m - a scroll of recharging {unknown}
 p - a scroll of noise {unknown}
 t - a scroll of magic mapping {unknown}
Jewellery
 n - a +4 ring of protection {unknown}
 s - an uncursed ring of wizardry {unknown}
Potions
 e - 2 potions of might
 g - a potion of restore abilities {unknown}
 k - 2 potions of curing {unknown}


   Skills:
 - Level 3.6 Fighting
 + Level 5.4 Maces & Flails
 - Level 3.6 Armour
 - Level 3.6 Shields


You had 3 spell levels left.
You didn't know any spells.

Dungeon Overview and Level Annotations

Branches:
Dungeon (2/15)

Altars:


Innate Abilities, Weirdness & Mutations

You reflexively headbutt those who attack you in melee.
You have a pair of horns on your head.


Message History

The gnoll is almost dead.
The gnoll hits you from afar with a halberd!
You block the gnoll's attack.
You are too injured to fight recklessly!
You are too injured to fight recklessly!
You are too injured to fight recklessly!
You are too injured to fight recklessly!
You are too injured to fight recklessly!
You are too injured to fight recklessly!
You are too injured to fight recklessly!
You are too injured to fight recklessly!
You hit the gnoll but do no damage.
The gnoll is almost dead.
The gnoll hits you with a spear.
The gnoll hits you from afar with a halberd!
* * * LOW HITPOINT WARNING * * *
You block the gnoll's attack.
Unknown command.
The gnoll hits you from afar with a spear.
You die...

############# #.#
#...........# #%####
#.#########.# #....# #.# #.#
#.##.# #.# #.# #.##.# #.#
#.#####.##(# ####.#
#........#.##### [....#
##########.#...# .....#####
#..@.......###.#####
....%#...#
#g#######..#........
.....#...#
#.#........#.#.####.
.....#...# #.#........#.#.#
#.
.#.#.#)..#####g#........#<#.#
#.
.#.......'.g...#........#.#.#
#.
#.......#######.)......#...#
#.
#.##....#..>..#........#####
#. #.##.##.#.#.#.#.#.##.###
#.


You could see a gnoll.

Vanquished Creatures
  Terence (D:2)
  3 adders (D:2)
  A giant mite (D:2)
  A worm (D:2)
  A giant gecko (D:2)
  4 goblins
  3 hobgoblins
  4 kobolds
  A bat (D:1)
  4 giant newts
  3 jackals (D:1)
  6 rats
32 creatures vanquished.

Notes
Turn   | Place    | Note
--------------------------------------------------------------
     0 | D:1      | Kae, the Minotaur Fighter, began the quest for the Orb.
     0 | D:1      | Reached XP level 1. HP: 19/19 MP: 1/1
   154 | D:1      | Reached XP level 2. HP: 26/26 MP: 1/1
   887 | D:2      | Reached skill level 4 in Maces & Flails
   887 | D:2      | Reached XP level 3. HP: 29/31 MP: 2/2
  1148 | D:2      | Noticed Terence
  1158 | D:2      | Killed Terence
  1158 | D:2      | Reached skill level 5 in Maces & Flails
  1234 | D:2      | Reached XP level 4. HP: 33/39 MP: 2/2
  1381 | D:2      | Slain by a gnoll

Action                   |  1- 3 |  4- 6 || total
-------------------------+-------+-------++-------
Melee: Flail             |    91 |     9 ||   100
